 Dungeon Crawl Stone Soup version 0.22-a0-750-ga7dcef7 (webtiles) character file.

215 Gildeon the Charmwright (level 5, -2/44 HPs)
             Began as a Demigod Skald on July 15, 2018.
             Slain by a mummy (17 damage)
             ... in an ossuary.
             The game lasted 00:18:01 (2431 turns).

Gildeon the Charmwright (Demigod Skald)             Turns: 2431, Time: 00:18:01

Health: -2/44      AC:  5    Str: 16    XL:     5   Next: 34%
Magic:  13/20      EV: 13    Int: 17    God:
Gold:   107        SH:  0    Dex: 15    Spells: 1/9 levels left

rFire    + . .     SeeInvis .   a - +0 mace
rCold    . . .     Gourm    .   (no shield)
rNeg     . . .     Faith    .   b - +0 leather armour
rPois    .         Spirit   .   k - +0 helmet
rElec    .         Reflect  .   (no cloak)
rCorr    .         Harm     .   e - +0 pair of gloves
MR       .....                  (no boots)
Stlth    +.........             (no amulet)
HPRegen  0.14/turn              h - ring of protection from fire
MPRegen  0.17/turn              c - ring of magical power

@: infused
A: high mp 1
a: no special abilities


You were in an ossuary.
You were not hungry.

You visited 1 branch of the dungeon, and saw 4 of its levels.
You also visited: Ossuary.

You collected 107 gold pieces.

Inventory:

Hand Weapons
 a - a +0 mace (weapon)
Armour
 b - a +0 leather armour (worn)
 e - a +0 pair of gloves (worn)
 k - a +0 helmet (worn)
Jewellery
 c - a ring of magical power (right hand)
 h - a ring of protection from fire (left hand)
Scrolls
 i - 3 scrolls of teleportation
Potions
 g - 2 potions of brilliance
 j - a potion of magic {unknown}
 m - 2 potions of haste {unknown}
 n - a potion of degeneration {unknown}
Comestibles
 d - 5 rations


   Skills:
 + Level 2.8 Fighting
 + Level 2.9 Maces & Flails
 - Level 0.8 Armour
 + Level 2.8 Dodging
 + Level 2.6 Spellcasting
 + Level 3.5 Charms


You had one spell level left.
You knew the following spells:

 Your Spells              Type           Power        Failure   Level  Hunger
a - Infusion              Chrm           ##..         5%          1    #......
b - Song of Slaying       Chrm           ##......     8%          2    ##.....
c - Shroud of Golubria    Chrm/Tloc      #.........   16%         2    ##.....
d - Regeneration          Chrm/Necr      #.........   32%         3    ###....

Your spell library contained the following spells:

 Spells                   Type           Power        Failure   Level  Hunger
 Spectral Weapon          Hex/Chrm       #.......     32%         3    ###....


Dungeon Overview and Level Annotations

Branches:
Dungeon (4/15)
 Temple: D:4-7


Innate Abilities, Weirdness & Mutations

You have an increased reservoir of magic. (+10% MP)


Message History

The kobold simulacrum closely misses you.
You completely miss the mummy.
The mummy is moderately damaged.
The mummy closely misses you. The kobold simulacrum misses you.
You hit the mummy.
The mummy is severely damaged.
The mummy hits you!
* * * LOW HITPOINT WARNING * * *
The kobold simulacrum hits you but does no damage.
You hit the kobold simulacrum.
The kobold simulacrum is severely damaged.
The mummy closely misses you.
The kobold simulacrum barely misses you.
You feel better.
Casting: Infusion (safe; 5% risk of failure)
Confirm with . or Enter, or press ? or * to list all spells.
You begin infusing your attacks with magical energy.
The kobold simulacrum hits you. The kobold simulacrum freezes you.
The mummy hits you!
You die...

.....................#
..#+#+#'#'#'#'#......#
#.#.#.#.##.....#
############'###
##.##.# ##.##..#
##^##...# ##.##....#
#@##.....# #MZZ.....#
#.##.....# ##. ....#
#. ...# #. ..# #. .#
#+ #


You could see a mummy, a goblin simulacrum and a kobold simulacrum.

Vanquished Creatures
  A scorpion (D:4)
  A killer bee zombie (D:3)
  3 adders
  2 oozes (D:1)
  2 worms
  5 dart slugs
  4 leopard geckos
  An orc (D:3)
  3 giant cockroaches
  14 goblins
  6 hobgoblins
  4 jackals (D:3)
  10 kobolds
  A quokka (D:3)
  10 bats
  4 bat simulacra (Ossuary)
  2 frilled lizards (D:2)
  4 goblin simulacra (Ossuary)
  2 hobgoblin zombies (Ossuary)
  2 kobold simulacra (Ossuary)
  3 kobold zombies (Ossuary)
  7 orc zombies (Ossuary)
  10 rats
  2 rat simulacra (Ossuary)
103 creatures vanquished.

Vanquished Creatures (others)
  A goblin zombie (Ossuary)
  An orc zombie (Ossuary)
2 creatures vanquished.

Grand Total: 105 creatures vanquished

Notes
Turn   | Place    | Note
-------+----------+-------------------------------------------
     0 | D:1      | Gildeon the Demigod Skald began the quest for the Orb.
     0 | D:1      | Reached XP level 1. HP: 17/17 MP: 5/5
     2 | D:1      | Noticed a felid
     2 | D:1      | Noticed a dwarf
     4 | D:1      | Noticed a human
     4 | D:1      | Noticed an octopode
     8 | D:1      | Noticed a merfolk
    10 | D:1      | Noticed a gargoyle
    10 | D:1      | Noticed a tengu
    12 | D:1      | Noticed a centaur
    12 | D:1      | Noticed a draconian
    14 | D:1      | Noticed an elf
    14 | D:1      | Noticed an ogre
    16 | D:1      | Noticed a naga
    16 | D:1      | Noticed a demigod
    18 | D:1      | Noticed a troll
    18 | D:1      | Noticed a vampire
    20 | D:1      | Noticed a spriggan
    22 | D:1      | Noticed a ghoul
    24 | D:1      | Noticed a halfling
    24 | D:1      | Noticed a vine stalker
    26 | D:1      | Noticed a minotaur
    26 | D:1      | Noticed a demonspawn
    28 | D:1      | Noticed a formicid
    99 | D:1      | Reached XP level 2. HP: 18/24 MP: 1/7
   103 | D:1      | Learned a level 2 spell: Song of Slaying
   232 | D:1      | Learned a level 2 spell: Shroud of Golubria
   521 | D:1      | Reached skill level 3 in Charms
   521 | D:1      | Reached XP level 3. HP: 19/29 MP: 4/8
  1189 | D:2      | Reached XP level 4. HP: 33/37 MP: 10/10
  1834 | D:3      | Found a white marble altar of Elyvilon.
  2226 | D:4      | Reached XP level 5. HP: 33/44 MP: 11/11
  2232 | D:4      | Learned a level 3 spell: Regeneration
  2327 | D:4      | Found a sand-covered staircase.
  2331 | Ossuary  | Entered an ossuary
  2431 | Ossuary  | Slain by a mummy

Vault maps used:
D:1:      kb_arrival_jail, minmay_pentomino_t4
D:2:      kennysheep_big_flooded_room
D:3:      elyvilon_altar_5, first_ration, kennysheep_cluttered_room
D:4:      minmay_temple_entry_statues_fountains, portal_sewer_entry_e,
          enter_ossuary_5, gammafunk_ghost_necromancy, minmay_misc_feat_chi,
          uniq_grinder
Ossuary:  ossuary_zaba_two_paths

Skill      XL: |  1  2 |
---------------+-------+-----
Fighting       | 2 |  2.8
Maces & Flails | 2 |  2.9
Dodging        | 2 |  2.8
Spellcasting   | 2 |  2.6
Charms         | 3 |  3.5
Armour         | |  0.8

Action                   |  1- 3 |  4- 6 || total
-------------------------+-------+-------++-------
Melee: Mace              |   112 |   160 ||   272
 Cast: Infusion          |    21 |    18 ||    39
  Use: Scroll            |     2 |     4 ||     6
       Potion            |       |     2 ||     2
 Stab: Sleeping          |     1 |       ||     1
  Eat: Chunk             |     1 |     4 ||     5
       Ration            |       |     1 ||     1
Armor: Leather armour    |    41 |    70 ||   111
Dodge: Dodged            |    80 |   154 ||   234

Table legend:
 A = Spawn XP
 B = Non-spawn XP
 C = Spawn XP percentage of total XP
 D = Spawn monster count
 E = Non-spawn monster count
 F = Spawn count percentage of total count
 G = Total turns spent on level
                    A         B        C        D         E        F      G
               +---------+---------+-------+---------+---------+-------+---------
         Total |       0 |     308 |   0.0 |       0 |     102 |   0.0 |  2431
               +---------+---------+-------+---------+---------+-------+---------
           D:1 |       0 |      60 |   0.0 |       0 |      24 |   0.0 |   733
           D:2 |       0 |      65 |   0.0 |       0 |      29 |   0.0 |   734
           D:3 |       0 |      94 |   0.0 |       0 |      25 |   0.0 |   738
           D:4 |       0 |      66 |   0.0 |       0 |       1 |   0.0 |   126
       Ossuary |       0 |      23 |   0.0 |       0 |      23 |   0.0 |   100
               +---------+---------+-------+---------+---------+-------+---------
